 Dungeon Crawl Stone Soup version 0.30-a0-218-gedb9141078 (webtiles) character file.

Game seed: 17668918694293053638

191 Johnny the Chiller (level 5, -1/34 HPs)
             Began as an Octopode Ice Elementalist on Oct 5, 2022.
             Splashed by a jelly's acid (7 damage)
             ... on level 4 of the Dungeon.
             The game lasted 00:03:44 (3851 turns).

Johnny the Chiller (Octopode Ice Elementalist)      Turns: 3851, Time: 00:03:44

Health: -1/34      AC: -3    Str:  7    XL:     5   Next: 70%
Magic:  5/18       EV: 13    Int: 19    God:
Gold:   183        SH:  0    Dex: 13    Spells: 2/9 levels left

rFire   . . .      SeeInvis .    i - staff of conjuration
rCold   . . .      Faith    .    (no shield)
rNeg    . . .      Spirit   .    n - +0 hat
rPois   .          Reflect  .    (no amulet)
rElec   .          Harm     .    q - ring of magical power
rCorr   .          Rampage  .    (no ring)
Will    .....                    (no ring)
Stlth   ++++......               (no ring)
HPRegen 0.25/turn                (no ring)
MPRegen 0.16/turn                (no ring)
                                 (no ring)
                                 (no ring)

@: corroded, freezing walls, very slightly contaminated
A: almost no armour, amphibious, 8 rings, camouflage 1, gelatinous body 1,
(nimble swimmer 1), tentacles
a: no special abilities


You were on level 4 of the Dungeon.
You visited 1 branch of the dungeon, and saw 4 of its levels.

You collected 183 gold pieces.

Inventory:

Hand Weapons
 m - a +0 war axe of venom
 s - a +1 mace of pain
Armour
 k - a +0 kite shield
 n - a +0 hat (worn)
Magical Staves
 i - a staff of conjuration (weapon)
Jewellery
 p - a ring of flight
 q - a ring of magical power (left tentacle)
Scrolls
 d - a scroll of summoning {unknown}
 e - 3 scrolls of identify {unknown}
 f - 2 scrolls of poison {unknown}
 g - 3 scrolls of blinking {unknown}
 h - a scroll of amnesia {unknown}
Potions
 a - 2 potions of magic
 b - 2 potions of heal wounds {unknown}
 c - a potion of might {unknown}
 j - 2 potions of curing {unknown}
 l - 2 potions of brilliance {unknown}
 o - a potion of ambrosia {unknown}
 r - 2 potions of mutation {unknown}
 t - a potion of degeneration {unknown}
 u - a potion of invisibility {unknown}
 v - 2 potions of attraction {unknown}


   Skills:
 + Level 2.0 Fighting
 + Level 3.0 Dodging
 - Level 4.2 Stealth
 + Level 1.4 Shields
 + Level 2.7 Spellcasting
 + Level 4.6 Ice Magic


You had 2 spell levels left.
You knew the following spells:

 Your Spells              Type           Power      Damage    Failure   Level
a - Freeze                Ice            80%        1d9       2%          1
b - Frozen Ramparts       Ice            40%        1d7       7%          3
c - Ozocubu's Armour      Ice            20%        N/A       7%          3

Your spell library contained the following spells:

 Spells                   Type           Power      Damage    Failure   Level
 Call Canine Familiar     Summ           2%         N/A       43%         3
 Portal Projectile        Hex/Tloc       4%         N/A       43%         3
 Summon Ice Beast         Ice/Summ       11%        N/A       52%         4
 Leda's Liquefaction      Hex/Erth       1%         N/A       83%         4


Dungeon Overview and Level Annotations

Branches:
Dungeon (4/15)
 Temple: D:4-7

Altars:
Kikubaaqudgha
Okawaru
Qazlal


Innate Abilities, Weirdness & Mutations

You cannot wear most types of armour.
You are amphibious.
You can wear up to eight rings at the same time.
Your skin changes colour to match your surroundings (Stealth+).
Your rubbery body absorbs attacks. (AC +1, EV +1)
((You are camouflaged when in or above water. (Stealth+)))
You have tentacles for arms and can constrict up to eight enemies at once.


Message History

The wall freezes the shadow imp but does no damage.
The shadow imp hits you.
You hit the jelly but do no damage.
Your tentacles burn!
The jelly is severely wounded.
The frozen ramparts melt away.
The jelly misses you. The shadow imp hits you. The jelly barely misses you.
The shadow imp closely misses you.
You hit the jelly.
Your tentacles burn!
You squeeze the jelly.
The jelly is almost dead.
The shadow imp closely misses you. The jelly misses you.
Casting: Freeze (safe; 2% risk of failure)
Confirm with . or Enter, or press ? or * to list all spells.
You don't know that spell.
Aiming: Freeze (safe; 2% risk of failure)
Press: ? - help, Q - select action, (/) - cycle Shift-Dir - straight line, f/p - shadow imp
Aim: a shadow imp (heavily wounded)
Okay, then.
Casting: Freeze (safe; 2% risk of failure)
Confirm with . or Enter, or press ? or * to list all spells.
Casting: Frozen Ramparts (dangerous; 7% risk of failure)
Press: ? - help, Dir - look around, f - activate You miscast Frozen Ramparts.
Heat is drained from your body. The jelly hits you.
You are splashed with acid!
The shadow imp misses you.
You completely miss the shadow imp. Your grab misses the shadow imp.
The shadow imp is heavily wounded.
The jelly barely misses you. The shadow imp puffs mist at you.
The shadow imp hits you.
* * * LOW HITPOINT WARNING * * *
Casting: Frozen Ramparts (dangerous; 7% risk of failure)
Confirm with . or Enter, or press ? or * to list all spells.
Casting: Frozen Ramparts (dangerous; 7% risk of failure)
Press: ? - help, Dir - look around, f - activate The walls around you are covered in ice.
The shadow imp completely resists.
The wall freezes the shadow imp but does no damage.
The shadow imp closely misses you.
The wall freezes the jelly.
The jelly hits you.
* * * LOW HITPOINT WARNING * * *
The acid corrodes you!
You are splashed with acid!
You die...

.~~§.. .~§.§..
~.§$... ....§..
....†## ####.#.!#
.### .......5# ...#
#....PJ@##....#
#..####..#....#
#..# #.......# #..+
#.......# ##.
+..####..#.....
#...
#........####.#
#..#####..P.P...# #
#..#..#...####..#
###..#..#...#..#..#


You could see a jelly and a shadow imp.

Vanquished Creatures
  A vampire bat (D:3)
  4 adders
  4 worms
  2 dart slugs
  6 orcs
  10 ball pythons
  3 bat skeletons (D:3)
  2 bat zombies (D:3)
  10 endoplasms
  4 giant cockroaches
  5 goblins
  6 hobgoblins
  6 jackals
  A quokka (D:2)
  5 bats
  5 frilled lizards
  9 kobolds
  4 rats
87 creatures vanquished.

Notes
Turn   | Place    | Note
-------+----------+-------------------------------------------
     0 | D:1      | Johnny the Octopode Ice Elementalist began the quest for
                  | the Orb.
     0 | D:1      | Reached XP level 1. HP: 11/11 MP: 3/3
   297 | D:1      | Reached XP level 2. HP: 18/18 MP: 3/5
   469 | D:1      | Found a faded altar of an unknown god.
   835 | D:1      | Reached XP level 3. HP: 22/22 MP: 6/6
   987 | D:1      | Reached skill level 1 in Fighting
  1816 | D:2      | Reached XP level 4. HP: 28/28 MP: 7/7
  2500 | D:2      | Learned a level 3 spell: Frozen Ramparts
  2552 | D:3      | Reached skill level 1 in Shields
  2810 | D:3      | Learned a level 3 spell: Ozocubu's Armour
  3043 | D:3      | Reached XP level 5. HP: 34/34 MP: 8/8
  3233 | D:3      | Found an ancient bone altar of Kikubaaqudgha.
  3424 | D:3      | Found an iron altar of Okawaru.
  3838 | D:4      | Found a stormy altar of Qazlal.
  3851 | D:4      | Splashed by a jelly's acid

Illustrated notes

Levels and vault maps discovered:
D:1:      dpeg_arrival_circle_labyrinth_c, layout_basic, basic_ecumenical_altar
D:2:      layout_basic, kennysheep_generic_room_5
D:3:      layout_loops_corners, kennysheep_vampire_church,
          overflow_temple_1_default, minmay_statues_item,
          chequers_serial_rivers_micro_d
D:4:      corexii_shack_village, layout_rooms, nicolae_qazlal_scattered_showers,
          temple_pool_b, biasface_ghost_orc_armoury, grunt_ministairs_2,
          hangedman_decor_peaks_small, minivault_4, minmay_between,
          uniq_sigmund, uniq_edmund

Skill      XL: |  1  2  3  4  5 |
---------------+----------------+-----
Stealth        | 3 4 |  4.2
Fighting       | 1 2 |  2.0
Shields        | 1 |  1.4
Dodging        | 3 |  3.0
Spellcasting   | |  2.7
Ice Magic      | |  4.6

Action                   |  1- 3 |  4- 6 || total
-------------------------+-------+-------++-------
Melee: Unarmed           |    14 |       ||    14
       Constrict         |    14 |    21 ||    35
       Tentacles         |    13 |    21 ||    34
       Staff             |    31 |    84 ||   115
       Punch             |       |     2 ||     2
 Cast: Freeze            |    24 |    34 ||    58
       Frozen Ramparts   |       |     3 ||     3
 Stab: Sleeping          |    10 |    12 ||    22
Armor: Skin              |     5 |    23 ||    28
Dodge: Dodged            |    37 |   112 ||   149

Table legend: (Time is in decaauts)
 A = Elapsed time spent in this place.
 B = Non-inter-level travel time spent in this place.
 C = Inter-level travel time spent in this place.
 D = Time resting spent in this place.
 E = Time spent auto-exploring this place.
 F = Levels seen in this place.
 G = Mean time per level.
                   A        B        C        D        E       F      G
               +--------+--------+--------+--------+--------+-----+--------+
         Total |   3872 |   3695 |    177 |    178 |   2880 |   4 |  968.0 |
       Dungeon |   3872 |   3695 |    177 |    178 |   2880 |   4 |  968.0 |
               +--------+--------+--------+--------+--------+-----+--------+

Top non-repeatable levels by time:
     D:1: 1466 daAuts
     D:3: 1182 daAuts
     D:2: 1058 daAuts
     D:4: 164 daAuts
